Map: Oxide LE

Players

PtitDrogo

  • Race: Protoss Protoss

Reynor - Winner!

  • Race: Zerg Zerg

Event: DreamHack SC2 Masters 2021 Winter

VOD

Have the link to the VOD?

Description

Time

  • Played on: Oct. 7, 2021, 12:21 p.m.
  • Length: 8:49

All games in this series

Show
View Real Time Build Order
Export as new Build Order

PtitDrogo Protoss 

Build Orders: 1 Gate Expand, Oracle Opening 

Get SALT Encoding   

  12  0:00  Probe  
  13  0:12  Probe  
  14  0:19  Pylon  
  14  0:24  Probe (Chrono Boost)  
  15  0:37  Probe (Chrono Boost)  
  15  0:39  Gateway  
  16  0:46  Probe (Chrono Boost)  
  16  0:49  Assimilator  
  17  0:51  Probe  
  18  1:03  Probe  
  19  1:16  Probe  
  20  1:27  Nexus  
  20  1:36  Cybernetics Core  
  20  1:39  Probe  
  21  1:45  Assimilator  
  21  1:51  Probe  
  22  1:55  Pylon  
  22  2:03  Probe  
  23  2:10  Adept (Chrono Boost)  
  25  2:16  Probe  
  25  2:18  Stargate  
  26  2:27  Warp Gate  
  26  2:28  Probe  
  27  2:31  Adept (Chrono Boost)  
  29  2:39  Probe (Chrono Boost)  
  31  2:44  Probe (Chrono Boost)  
  31  2:50  Probe (Chrono Boost)  
  32  2:54  Adept, Probe (Chrono Boost)  
  32  2:55  Probe (Chrono Boost)  
  36  3:01  Oracle (Chrono Boost)  
  36  3:04  Probe  
  40  3:06  Probe  
  40  3:09  Pylon  
  41  3:16  Probe  
  41  3:18  Probe  
  43  3:28  Probe  
  43  3:30  Oracle (Chrono Boost), Probe  
  48  3:37  Gateway  
  48  3:38  Pylon  
  48  3:40  Probe  
  49  3:44  Probe  
  50  3:52  Probe  
  51  3:56  Probe  
  51  3:59  Nexus  
  51  4:02  Oracle  
  52  4:04  Probe  
  52  4:09  Probe  
  57  4:11  Pylon  
  57  4:14  Stalker  
  57  4:16  Assimilator  
  59  4:18  Assimilator  
  59  4:19  Probe  
  59  4:22  Probe  
  61  4:31  Adept  
  63  4:34  Probe  
  63  4:37  Probe  
  61  4:42  Adept  
  61  4:44  Twilight Council  
  63  4:47  Probe (Chrono Boost)  
  63  4:48  Forge  
  63  4:49  Probe (Chrono Boost)  
  65  4:59  Gateway x2, Probe (Chrono Boost)  
  66  5:02  Probe (Chrono Boost)  
  66  5:03  Sentry  
  66  5:04  Pylon  
  70  5:07  Probe (Chrono Boost)  
  70  5:09  Probe (Chrono Boost)  
  70  5:12  Probe (Chrono Boost)  
  72  5:15  Probe (Chrono Boost)  
  72  5:18  Protoss Ground Weapons Level 1 (Chrono Boost), Sentry, Shield Battery  
  76  5:23  Probe (Chrono Boost)  
  76  5:24  Probe (Chrono Boost), Pylon  
  78  5:30  Probe (Chrono Boost)  
  78  5:31  Zealot, Probe (Chrono Boost)  
  78  5:32  Blink (Chrono Boost)  
  78  5:33  Probe (Chrono Boost)  
  78  5:35  Pylon  
  82  5:37  Probe  
  82  5:42  Probe  
  84  5:46  Probe  
  85  5:50  Robotics Facility  
  85  5:51  Gateway  
  85  5:52  Gateway  
  85  5:56  Gateway  
  85  5:57  Probe  
  85  6:04  Sentry x2  
  85  6:07  Gateway  
  85  6:10  Gateway  
  87  6:25  Stalker x2  
  91  6:26  Assimilator  
  91  6:28  Assimilator  
  91  6:29  Pylon  
  91  6:30  Stalker x2  
  95  6:38  Warp Prism  
  97  6:43  Pylon  
  97  6:45  Pylon x2  
  97  6:46  Robotics Bay  
  97  6:47  Stalker x2  
  101  6:48  Stalker x2  
  104  7:02  Stalker x3  
  104  7:03  Stalker  
  112  7:14  Stalker x3  
  118  7:22  Zealot  
  120  7:27  Pylon  
  120  7:29  Pylon  
  120  7:32  Stalker x2  
  120  7:33  Stalker x2  
  124  7:44  Stalker x2  
  124  7:45  Stalker x2  
  130  7:53  Stalker  
  126  8:02  Stalker x4  
  104  8:15  Stalker x3  
  98  8:27  Stalker x4  
  94  8:35  Stalker x2  
  96  8:44  Stalker x2  
Show
View Real Time Build Order
Export as new Build Order

Reynor Zerg - Winner!

Build Orders: Hatch First 

Get SALT Encoding   

  12  0:00  Drone  
  13  0:12  Overlord  
  13  0:16  Drone  
  14  0:30  Drone x2  
  17  0:42  Drone  
  17  0:52  Hatchery  
  17  0:55  Drone  
  17  0:57  Drone  
  18  1:08  Extractor  
  17  1:12  Spawning Pool  
  17  1:16  Drone  
  17  1:20  Drone  
  18  1:27  Drone  
  19  1:38  Drone  
  20  1:49  Overlord  
  20  1:59  Queen  
  22  2:04  Drone, Queen  
  22  2:05  Drone  
  26  2:11  Drone  
  27  2:16  Metabolic Boost, Zergling x2  
  27  2:21  Zergling x2  
  29  2:32  Drone  
  30  2:38  Drone, Hatchery  
  30  2:40  Drone  
  31  2:48  Queen  
  33  2:52  Overlord  
  33  2:55  Zergling x2  
  34  2:59  Drone  
  34  3:02  Drone  
  36  3:10  Queen  
  36  3:11  Drone  
  39  3:13  Drone x2  
  39  3:16  Overlord  
  41  3:21  Evolution Chamber  
  41  3:22  Drone  
  42  3:27  Drone  
  42  3:30  Drone  
  42  3:34  Drone x2, Queen  
  44  3:40  Overlord  
  48  3:45  Queen  
  50  3:51  Zergling x4  
  52  3:56  Drone x5  
  52  4:02  Queen  
  59  4:04  Overlord  
  59  4:06  Drone  
  59  4:09  Drone  
  61  4:12  Queen  
  61  4:14  Drone  
  64  4:18  Drone, Spore Crawler  
  64  4:26  Spore Crawler  
  64  4:27  Drone x3  
  64  4:28  Drone  
  64  4:31  Overlord  
  65  4:32  Drone x2  
  66  4:38  Overlord  
  66  4:40  Lair  
  66  4:42  Extractor  
  65  4:46  Extractor  
  65  4:47  Drone x3, Evolution Chamber  
  65  4:49  Drone  
  65  4:51  Drone x2  
  69  4:53  Drone  
  69  4:56  Drone  
  69  4:57  Spore Crawler  
  69  4:58  Drone  
  71  5:00  Drone x2  
  71  5:03  Drone  
  71  5:06  Drone x3  
  77  5:10  Drone x2  
  77  5:11  Drone  
  80  5:14  Overlord  
  80  5:16  Overlord  
  80  5:17  Drone  
  80  5:20  Zerg Melee Weapons Level 1  
  81  5:21  Drone  
  81  5:25  Overlord  
  82  5:33  Drone  
  82  5:34  Drone x7  
  89  5:37  Extractor  
  89  5:38  Extractor  
  89  5:40  Roach Warren, Extractor  
  85  5:49  Drone x2, Spore Crawler  
  86  5:53  Overlord  
  86  5:54  Overseer  
  86  5:55  Drone  
  86  5:56  Hatchery  
  86  6:07  Overlord  
  86  6:10  Spore Crawler  
  85  6:13  Spore Crawler  
  86  6:21  Drone  
  86  6:23  Zergling x6  
  86  6:24  Zergling x18  
  98  6:29  Overlord  
  98  6:32  Drone, Glial Reconstitution  
  99  6:33  Baneling Nest  
  99  6:36  Evolution Chamber  
  99  6:37  Roach x5  
  99  6:38  Spore Crawler  
  106  6:41  Overlord  
  106  6:46  Roach  
  108  6:48  Roach x3  
  108  6:52  Roach x2  
  108  6:53  Zergling x10  
  123  6:54  Overlord  
  121  7:02  Roach  
  121  7:06  Drone x2  
  121  7:08  Ravager x4  
  127  7:09  Drone  
  127  7:12  Drone  
  127  7:14  Drone  
  128  7:17  Roach x4  
  128  7:18  Centrifugal Hooks  
  128  7:22  Zergling x4, Roach x2  
  142  7:23  Ravager  
  142  7:24  Overlord  
  142  7:28  Overlord  
  142  7:29  Overlord  
  143  7:38  Drone  
  140  7:44  Roach x5  
  140  7:45  Zergling x2  
  140  7:48  Baneling  
  150  7:54  Zergling x24  
  159  8:03  Roach x2  
  159  8:04  Roach  
  154  8:06  Roach  
  154  8:12  Roach  
  148  8:13  Drone  
  148  8:14  Drone x4  
  148  8:15  Drone  
  148  8:17  Zergling x4, Roach  
  148  8:18  Ravager x2, Zergling x2  
  158  8:24  Infestation Pit, Zergling x2  
  158  8:26  Zergling x6, Hatchery  
  158  8:27  Zergling x4  

Tags
 
Add a new tag
Caveats
  • Supply blocks, unpowered buildings, or Contaminate may cause inaccurate times.
  • Supply counts are checked every 10 seconds.